AoeStats
← Javier Milei

Arena

507573335Analyzed
3v3 RM · 14d ago on Sep 18, 2026· 71m 52s· 6 players
Game mode
Random Map
Map size
Normal (6 player)
Population
200
Speed
Normal
Resources
Standard
Victory
Conquest
Starting age
Dark Age
Ending age
Imperial Age
RankedLock teamsTeams togetherTeam positionsShared explorationLock speedFull tech treeHidden civsTurbo modeCheats
Victory
Defeat
🇦🇲 Italians · Armenia
826
+11
🇪🇸 Bohemians · Spain
671
+17
🇪🇸 Britons · Spain
628
+18
🇵🇹 Portuguese · Portugal
754
-18
🇫🇷 Sicilians · France
714
-16
🇬🇧 Turks · United Kingdom
612
-12
Yamza
10:38 Feudal Age
11:30 Horse Collar
11:38 Double-Bit Axe
16:19 Forging
17:12 Scale Barding Armor
18:37 Padded Archer Armor
18:27 Fletching
23:34 Castle Age
23:13 Scale Mail Armor
23:08 Gold Mining
23:09 Stone Mining
27:05 Heavy Plow
33:06 Gold Shaft Mining
32:46 Bow Saw
35:39 Wheelbarrow
35:53 Caravan
38:32 Coinage
44:34 Imperial Age
46:20 Iron Casting
51:41 Imperial Age
50:37 Hand Cart
52:19 Loom
52:37 Cavalier
54:42 Husbandry
58:00 Pikeman
58:43 Squires
58:29 Arson
OminousTomato27
12:29 Feudal Age
13:44 Double-Bit Axe
15:09 Horse Collar
15:44 Gold Mining
27:38 Castle Age
28:34 Loom
30:36 Bow Saw
32:10 Husbandry
32:22 Bloodlines
39:16 Imperial Age
37:47 Scale Barding Armor
38:09 Heavy Plow
39:10 Caravan
40:36 Ballistics
43:04 Chain Barding Armor
48:40 Elite Janissary
50:40 Bombard Tower
50:16 Murder Holes
51:10 Wheelbarrow
52:05 Hand Cart
52:19 Artillery
52:17 Stone Mining
63:21 Padded Archer Armor
63:11 Fletching
64:54 Forging
67:59 Iron Casting
67:21 Bodkin Arrow
67:42 Leather Archer Armor
68:03 Plate Barding Armor
67:16 Arrowslits
68:51 Fortified Wall
70:58 Bracer
72:52 Two-Man Saw
Anduril
10:10 Feudal Age
11:48 Double-Bit Axe
15:56 Castle Age
14:10 Horse Collar
17:05 Bow Saw
24:27 Heavy Plow
26:16 Crossbowman
27:02 Thumb Ring
30:27 Imperial Age
28:02 Fletching
28:39 Gold Mining
28:47 Stone Mining
30:27 Ballistics
30:18 Fortified Wall
31:31 Bodkin Arrow
31:36 Padded Archer Armor
32:03 Redemption
33:44 Chemistry
34:50 Theocracy
34:57 Theocracy
35:19 Murder Holes
35:10 Arbalester
37:47 Bracer
38:03 Leather Archer Armor
41:46 Onager
45:46 Siege Engineers
45:33 Guard Tower
47:18 Bombard Tower
47:34 Keep
52:46 Masonry
63:25 Town Watch
64:17 Wheelbarrow
64:54 Ring Archer Armor
Javier Milei
0:29 Loom
13:39 Feudal Age
21:52 Castle Age
20:54 Stone Mining
20:55 Gold Mining
20:49 Horse Collar
22:29 Double-Bit Axe
25:13 Wheelbarrow
25:16 Pikeman
26:38 Forging
28:00 Heavy Plow
29:27 Squires
33:56 Murder Holes
34:12 Fortified Wall
34:22 Bow Saw
37:50 Padded Archer Armor
42:34 Husbandry
44:47 Hand Cart
46:31 Scale Barding Armor
47:02 Iron Casting
47:09 Light Cavalry
49:25 Masonry
48:56 Treadmill Crane
54:01 Imperial Age
55:12 Conscription
54:56 Warwolf
56:23 Two-Man Saw
55:43 Leather Archer Armor
55:19 Fletching
55:11 Elite Skirmisher
57:34 Halberdier
58:59 Cavalier
61:45 Blast Furnace
60:41 Bodkin Arrow
61:16 Ring Archer Armor
62:29 Elite Longbowman
68:14 Capped Ram
69:53 Chain Barding Armor
69:34 Bracer
69:35 Scale Mail Armor
69:37 Caravan
70:12 Architecture
70:02 Ballistics
69:33 Heated Shot
hectorfoot
11:33 Loom
13:48 Feudal Age
20:43 Castle Age
20:03 Double-Bit Axe
20:00 Horse Collar
20:13 Arson
19:59 Man-at-Arms
21:05 Scale Mail Armor
23:35 Squires
27:28 Murder Holes
30:12 Chemistry
29:15 Fletching
30:04 Forging
32:12 Iron Casting
31:38 Padded Archer Armor
38:18 Imperial Age
36:31 Wheelbarrow
35:42 Town Watch
36:45 Ballistics
36:36 Fortified Wall
35:52 Pikeman
37:51 Wagenburg Tactics
38:01 Bow Saw
38:00 Heavy Plow
37:54 Treadmill Crane
38:58 Masonry
40:57 Conscription
45:20 Houfnice
47:12 Houfnice
53:21 Blast Furnace
52:37 Chain Mail Armor
52:38 Leather Archer Armor
52:18 Bodkin Arrow
56:28 Bracer
56:59 Plate Mail Armor
58:32 Two-Man Saw
61:29 Onager
63:43 Ring Archer Armor
koshak131
11:04 Feudal Age
11:39 Double-Bit Axe
11:37 Horse Collar
12:21 Stone Mining
18:57 Castle Age
17:44 Loom
18:35 Gold Mining
22:21 Fletching
23:23 Bodkin Arrow
25:24 Wheelbarrow
33:07 Imperial Age
31:41 Padded Archer Armor
34:01 Ballistics
33:39 Murder Holes
33:15 Light Cavalry
34:06 Bloodlines
35:55 Chemistry
36:15 Conscription
44:52 Hussar
48:15 Husbandry
49:26 Thumb Ring
49:44 Bracer
49:55 Forging
53:56 Heavy Plow
54:10 Bow Saw
55:51 Iron Casting
55:32 Leather Archer Armor
65:12 Blast Furnace
64:17 Scale Barding Armor
64:43 Ring Archer Armor
68:49 Caravan
69:17 Silk Road
70:02 Chain Barding Armor
71:43 Plate Barding Armor
71:42 Crop Rotation
71:22 Elite Genoese Crossbowman
Connection lost

Rejoining the realm…

Still unreachable

The connection could not be restored.

Session expired

The server has moved on; the page needs a fresh start.